 Dungeon Crawl Stone Soup version 0.31.0-32-g396128a36d (webtiles) character file.

Game seed: 6111224781174602330

1712 frostburnice the Gouger (level 8, 0/42 HPs)
             Began as a Felid Berserker on Apr 11, 2024.
             Was an Initiate of Trog.
             Slain by a quasit (1 damage)
             ... summoned by a kobold demonologist
             ... on level 12 of the Dungeon.
             The game lasted 00:33:12 (1631 turns).

frostburnice the Gouger (Felid Berserker)           Turns: 1631, Time: 00:33:13

Health: 0/42       AC:  2    Str: 15      XL:     8   Next: 74%
Magic:  9/9        EV: 21    Int: 10      God:    Trog [......]
Gold:   106        SH:  0    Dex: 15 (17) Spells: 7/7 levels left
                                        Lives:  0   Deaths: 3

rFire   . .          .
                       - Unarmed
rCold   . . .        (shield unavailable)
rNeg    . . .        (body armour unavailable)
rPois   .            (helmet unavailable)
rElec   .            (cloak unavailable)
rCorr   .            (gloves unavailable)
SInv    +            (boots unavailable)
Will    +....        (no amulet)
Stlth   ++           (no ring)
HPRegen 0.27/turn    (no ring)
MPRegen 0.11/turn

%: no passive effects
@: spiked, on berserk cooldown
A: very small, claws 1, fangs 3, see invisible, shaggy fur 2, stealthy paws, no
weapons or thrown items, no armour, multi-lived
a: Renounce Religion


You were on level 12 of the Dungeon.
You worshipped Trog.
Trog was noncommittal.
You visited 2 branches of the dungeon, and saw 13 of its levels.

You collected 106 gold pieces.

Inventory:

Hand Weapons
 c - a +0 dagger
 f - a +0 dagger
 i - a +0 scythe
 q - a +0 short sword
 s - a +0 dagger
 t - a +0 short sword
Missiles
 a - 12 stones
 r - a curare-tipped dart
Armour
 e - a +0 leather armour
Jewellery
 g - an amulet of regeneration
 u - an amulet of faith
 w - an amulet of reflection
Talismans
 b - a flux talisman
Wands
 p - a wand of iceblast (6)
Scrolls
 d - a scroll of amnesia
 k - 5 scrolls of teleportation {unknown}
 l - a scroll of identify {unknown}
 m - a scroll of blinking {unknown}
 n - 2 scrolls of immolation
 o - a scroll of poison {unknown}
 v - a scroll of brand weapon {unknown}


   Skills:
 + Level 4.8 Fighting
 + Level 7.4 Dodging
 + Level 2.7 Stealth
 * Level 9.7 Unarmed Combat


You had 7 spell levels left.
You didn't know any spells.
Your spell library contained the following spells:

 Spells                   Type           Power      Damage    Failure   Level
 Haunt                    Necr/Summ      0%         N/A       100%        7
 Borgnjor's Revivificati  Necr           0%         N/A       100%        8
 Death's Door             Necr           0%         N/A       100%        9


Dungeon Overview and Level Annotations

Branches:
Dungeon (12/15)            Temple (1/1) D:5
   Lair: D:8-11         Orc: D:9-12

Altars:
Cheibriados
Fedhas
Gozag
Hepliaklqana
Kikubaaqudgha
Okawaru
Qazlal
Sif Muna
Trog
Uskayaw
Wu Jian
Xom
Yredelemnul
Zin
The Shining One

Shops:
D:11 !

Annotations:
D:1 2 exclusions


Innate Abilities, Weirdness & Mutations

You have sharp claws.
You have razor-sharp teeth.
You have supernaturally acute eyesight. (SInv)
You are covered in thick fur. (AC +2)
Your paws help you pounce on unaware monsters.
You are incapable of wielding weapons or throwing items.
You cannot wear armour.
You gain extra lives every three experience levels.


Message History

Trog seems less interested in you.
You feel less pious.
You can no longer go berserk at will.
You aren't carrying any potions.
You start putting on your amulet.
You continue putting on your amulet of faith.
You feel yourself speed up.
The kobold demonologist casts a spell. x2
You continue putting on your amulet of faith.
The quasit completely misses you. The quasit claws you. The quasit misses you.
The quasit closely misses you.
The quasit claws you but does no damage.
The quasit closely misses you.
You continue putting on your amulet of faith.
The quasit completely misses you. The quasit misses you. x2
The quasit bites you but does no damage.
The quasit barely misses you. x2
The red devil hits you from afar with a +0 trident!
* * * LOW HITPOINT WARNING * * *
Barbed spikes become lodged in your body.
The kobold demonologist hits you with a +0 dagger of flaming.
* * * LOW HITPOINT WARNING * * *
The kobold demonologist burns you.
* * * LOW HITPOINT WARNING * * *
You continue putting on your amulet of faith.
The quasit bites you but does no damage.
The quasit closely misses you. The quasit completely misses you. x2
The quasit barely misses you. The quasit completely misses you.
The red devil misses you.
The kobold demonologist barely misses you.
You continue putting on your amulet of faith.
The quasit bites you.
* * * LOW HITPOINT WARNING * * *
You feel clumsy. The quasit completely misses you.
The quasit closely misses you. The quasit bites you.
* * * LOW HITPOINT WARNING * * *
You feel clumsy. The quasit completely misses you. The quasit misses you. x2
The quasit claws you.
You die...

####...... ..
............#
#..5...#....#
#......#....#
#...........#
#4..........#
#5K5........#
#@Y4........#
#....<......#
#############


You could see an ice devil (summoned), a kobold demonologist, a red devil
(summoned), a dream sheep shaped shifter and 3 quasits.

Vanquished Creatures
  Erolcha (D:11)
  A hornet (D:9)
  Sigmund (D:4)
  A yak (D:9)
  An orc warrior (D:9)
  A black bear (D:5)
  A kobold brigand (D:7)
  A bombardier beetle (D:3)
  An orc priest (D:9)
  2 hounds (D:5)
  A sleepcap (D:5)
  2 iguanas
  2 orc wizards
  5 adders
  3 white imps
  2 dart slugs (D:2)
  5 orcs
  3 endoplasms
  A giant cockroach (D:1)
  2 goblins
  A hobgoblin (D:2)
  4 kobolds
  A ball python (D:2)
  A rat (D:2)
44 creatures vanquished.

Vanquished Creatures (others)
  2 wights (D:7)
  2 orcs (D:7)
  A kobold (D:7)
5 creatures vanquished.

Grand Total: 49 creatures vanquished

Notes
Turn   | Place    | Note
-------+----------+-------------------------------------------
     0 | D:1      | frostburnice the Felid Berserker began the quest for the
                  | Orb.
     0 | D:1      | Reached XP level 1. HP: 12/12 MP: 2/2
    73 | D:2      | Reached XP level 2. HP: 16/16 MP: 3/3
   245 | D:2      | Reached XP level 3. HP: 21/21 MP: 4/4
   325 | D:3      | Reached XP level 4. HP: 5/25 MP: 5/5
   325 | D:3      | Gained a life (2 lives remaining)
   326 | D:3      | Killed from afar by a dart slug
   326 | D:3      | Lost a life (1 life remaining)
   396 | D:4      | Found a hide-covered altar of Uskayaw.
   407 | D:4      | Reached skill level 5 in Dodging
   514 | D:4      | Noticed Sigmund
   524 | D:4      | Killed Sigmund
   525 | D:4      | Reached skill level 5 in Unarmed Combat
   525 | D:4      | Reached XP level 5. HP: 22/29 MP: 6/6
   593 | D:5      | Entered Level 5 of the Dungeon
   633 | D:5      | Gained mutation: You are covered in thick fur. (AC +2)
                  | [Felid growth]
   633 | D:5      | Reached XP level 6. HP: 33/33 MP: 7/7
   652 | D:5      | Found a staircase to the Ecumenical Temple.
   711 | Temple   | Entered the Ecumenical Temple
   906 | D:5      | Found a shimmering altar of Xom.
   909 | D:5      | Found a shimmering altar of Xom.
   910 | D:5      | Found a shimmering altar of Xom.
   910 | D:5      | Found a shimmering altar of Xom.
   911 | D:5      | Found a shimmering altar of Xom.
  1025 | D:5      | Reached skill level 6 in Unarmed Combat
  1098 | D:6      | Reached XP level 7. HP: 5/38 MP: 8/8
  1098 | D:6      | Gained a life (2 lives remaining)
  1227 | D:7      | Reached skill level 1 in Stealth
  1377 | D:9      | Noticed a hornet
  1380 | D:9      | Paralysed by a hornet for 2 turns
  1385 | D:9      | Killed a hornet
  1386 | D:9      | Reached skill level 7 in Unarmed Combat
  1413 | D:9      | Noticed a yak
  1413 | D:9      | Noticed a yak
  1414 | D:9      | Noticed a yak
  1423 | D:9      | Killed a yak
  1426 | D:9      | Slain by a yak
  1426 | D:9      | Lost a life (1 life remaining)
  1476 | D:9      | Reached skill level 8 in Unarmed Combat
  1476 | D:9      | Reached XP level 8. HP: 31/42 MP: 9/9
  1480 | D:9      | HP: 3/63 [orc warrior/+3 long sword (5)]
  1528 | D:10     | Entered Level 10 of the Dungeon
  1561 | D:11     | Found Raifypt's Distillery.
  1591 | D:11     | Noticed a skeletal warrior
  1591 | D:11     | Noticed a skeletal warrior
  1593 | D:11     | Noticed a skeletal warrior
  1598 | D:11     | Noticed a skeletal warrior
  1598 | D:11     | Slain by a skeletal warrior
  1598 | D:11     | Lost a life (0 lives remaining)
  1599 | D:11     | Noticed Erolcha
  1608 | D:11     | Killed Erolcha
  1609 | D:11     | Reached skill level 9 in Unarmed Combat
  1618 | D:12     | Noticed a kobold demonologist
  1626 | D:12     | a human changed into a dream sheep
  1626 | D:12     | Noticed a dream sheep (shapeshifter)
  1628 | D:12     | Noticed an ice devil
  1628 | D:12     | Noticed a red devil
  1631 | D:12     | HP: 2/42 [quasit[a kobold demonologist] (2)]
  1631 | D:12     | Slain by a quasit

Illustrated notes

Levels and vault maps discovered:
D:1:      psy_arrival_statuary, layout_rooms, serial_shops, shop
D:2:      layout_basic, basic_altar, serial_curves, eino_curves_03,
          eino_curves_01, uniq_jessica, uniq_robin
D:3:      minmay_octagon_keep, layout_basic, ebering_ecumenical_altar_abandoned,
          kennysheep_nondescript, chequers_jeans
D:4:      layout_basic, eat_drink_and_be_merry_uskayaw, kennysheep_mini_moat,
          gammafunk_ghost_smash, uniq_crazy_yiuf_cottage, uniq_sigmund
D:5:      layout_basic, xom_redecorated, minmay_temple_entry_mini_moons,
          minmay_misc_feat_cross, minmay_liquid_box
D:6:      layout_cave_pools, serial_shops, shop
D:7:      layout_loops_corners, kennysheep_little_box, serial_shops, shop,
          lemuel_flamethrower_2
D:8:      layout_basic, nemelex_spade_bored_becter,
          gammafunk_temple_overflow_elements, hangedman_decor_riveting,
          kennysheep_dice, uniq_pikel, uniq_gastronok, uniq_grum
D:9:      layout_basic, makhleb_altar_promises_db, minmay_misc_feat_hallway
D:10:     layout_gridville, amcnicky_altar_gilded, lair_entry_dummy,
          special_room [special_room_bee], kennysheep_boxes, uniq_harold
D:11:     layout_rooms, erik_orc_2, serial_shops, nicolae_shop_back_alley_shop,
          nicolae_shop_rolled_up, nicolae_shop_industrial_runoff,
          nicolae_shop_rolled_up, minivault_28, uniq_fannar, uniq_psyche,
          uniq_erolcha
D:12:     layout_stronghold, chequers_big_river, nicolae_underground_beach
Temple:   cyrus_circular_temple

Skill      XL: |  1  2  3  4  5  6  7  8 |
---------------+-------------------------+-----
Dodging        | 5 6 7 |  7.4
Fighting       | 4 |  4.8
Unarmed Combat | 5 6 8 9 |  9.7
Stealth        | 1 2 |  2.7

Action                     |  1- 3 |  4- 6 |  7- 9 || total
---------------------------+-------+-------+-------++-------
  Melee: Unarmed           |    30 |    84 |    41 ||   155
         Punch             |     1 |     4 |     3 ||     8
         Bite              |       |     5 |     3 ||     8
 Invoke: Berserk           |     5 |     8 |     6 ||    19
    Use: Scroll            |     1 |     1 |     1 ||     3
         Potion            |       |     1 |     8 ||     9
   Stab: Sleeping          |       |     1 |       ||     1
 Armour: Skin              |    11 |    30 |    32 ||    73
  Dodge: Dodged            |    17 |    82 |    48 ||   147
